 Dungeon Crawl Stone Soup version 0.23-a0-49-gd9f7a49 (webtiles) character file.

4 riellis the Vexing (level 1, -3/13 HPs)
             Began as a Formicid Enchanter on Aug 7, 2018.
             Slain by a gnoll
             ... wielding a +0 whip
              (10 damage)
             ... on level 1 of the Dungeon.
             The game lasted 00:00:28 (348 turns).

riellis the Vexing (Formicid Enchanter)              Turns: 348, Time: 00:00:29

Health: -3/13      AC:  2    Str: 12    XL:     1   Next: 66%
Magic:  2/3        EV: 12    Int: 14    God:
Gold:   25         SH:  0    Dex: 11    Spells: 3/4 levels left

rFire    . . .     SeeInvis +   a - +1 dagger
rCold    . . .     Gourm    .   (no shield)
rNeg     . . .     Faith    .   b - +0 robe
rPois    .         Spirit   .   (helmet unavailable)
rElec    .         Reflect  .   (no cloak)
rCorr    .         Harm     .   (no gloves)
MR       .....                  (no boots)
Stlth    ++........             (no amulet)
HPRegen  0.04/turn              (no ring)
MPRegen  0.08/turn              (no ring)

@: no status effects
A: permanent stasis, dig shafts and tunnels, four strong arms, antennae 3
a: Dig, Shaft Self


You were on level 1 of the Dungeon.
You were not hungry.

You visited 1 branch of the dungeon, and saw 1 of its levels.

You collected 25 gold pieces.

Inventory:

Hand Weapons
 a - a +1 dagger (weapon)
Armour
 b - a +0 robe (worn)
Scrolls
 e - 2 scrolls of identify {unknown}
Comestibles
 c - 3 chunks of flesh
 d - 3 rations


   Skills:
 - Level 1.0 Short Blades
 + Level 1.8 Dodging
 + Level 3.7 Stealth
 * Level 2.3 Spellcasting
 * Level 3.7 Hexes


You had 3 spell levels left.
You knew the following spells:

 Your Spells              Type           Power        Failure   Level  Hunger
a - Corona                Hex            ##.....      4%          1    #......

Your spell library contained the following spells:

 Spells                   Type           Power        Failure   Level  Hunger
 Confuse                  Hex            ##......     14%         3    ###....
 Tukima's Dance           Hex            ##......     14%         3    ###....
 Ensorcelled Hibernation  Hex/Ice        #.....       16%         2    ###....
 Dazzling Spray           Conj/Hex       #.....       32%         3    ###....


Dungeon Overview and Level Annotations

Branches:
Dungeon (1/15)

Altars:


Innate Abilities, Weirdness & Mutations

You cannot be hasted, slowed, berserked, paralysed or teleported.
You can dig through walls and to a lower floor.
Your four strong arms can wield two-handed weapons with a shield.
You have a pair of large antennae on your head. (SInv)


Message History

Aim: a gnoll, wielding a whip (chance to defeat MR: 57%)
The gnoll is outlined in light.
The kobold throws a stone.
The stone closely misses you.
You hit the gnoll.
The gnoll is lightly wounded.
The kobold throws a stone.
The stone hits you but does no damage. The gnoll hits you but does no damage.
You hit the gnoll.
The gnoll is moderately wounded.
The kobold throws a stone.
The stone closely misses you. The gnoll hits you with a whip.
You hit the gnoll.
The gnoll is heavily wounded.
The kobold throws a stone.
The stone barely misses you. The gnoll barely misses you.
You hit the gnoll.
The gnoll is severely wounded.
The gnoll hits you with a whip!
Ouch! That really hurt!
You die...

#.# #.. ### ...# ... ..#
...# #.##.# ...#
#K.#.###...# #.........
####.#..##.# #########
#.....g@...#####.....##.
.....####...............
.#. ##.###..........
#..##.......(..
##.##..........
#.##..........
#.##..........
#....)........
###..##.........


You could see a gnoll and a kobold.

Vanquished Creatures
  A hobgoblin (D:1)
  2 bats (D:1)
  A rat (D:1)
4 creatures vanquished.

Notes
Turn   | Place    | Note
-------+----------+-------------------------------------------
     0 | D:1      | riellis the Formicid Enchanter began the quest for the Orb.
     0 | D:1      | Reached XP level 1. HP: 13/13 MP: 3/3
   348 | D:1      | Slain by a gnoll

Vault maps used:
D:1:      dpeg_arrival_erosion, fountainhead, serial_bayou_pond_d

Action                   || total
-------------------------++-------
Melee: Dagger            ||    14
 Cast: Corona            ||     1
 Stab: Sleeping          ||     1
Armor: Robe              ||     2
Dodge: Dodged            ||    11

Table legend:
 A = Spawn XP
 B = Non-spawn XP
 C = Spawn XP percentage of total XP
 D = Spawn monster count
 E = Non-spawn monster count
 F = Spawn count percentage of total count
 G = Total turns spent on level
                    A         B        C        D         E        F      G
               +---------+---------+-------+---------+---------+-------+---------
         Total |       0 |       6 |   0.0 |       0 |       4 |   0.0 |   348
               +---------+---------+-------+---------+---------+-------+---------
           D:1 |       0 |       6 |   0.0 |       0 |       4 |   0.0 |   348
               +---------+---------+-------+---------+---------+-------+---------
